 Dungeon Crawl Stone Soup version 0.20-a0-915-gb278767 (webtiles) character file.

2479 Deemzul the Martial Artist (level 9, 0/55 HPs)
             Began as an Octopode Monk on Mar 25, 2017.
             Was a Priest of Hepliaklqana.
             Killed by vampiric draining
             ... invoked by a vampire
              (12 damage)
             ... on level 7 of the Dungeon.
             The game lasted 00:10:28 (6220 turns).

Deemzul the Martial Artist (Octopode Monk)          Turns: 6220, Time: 00:10:28

Health: 0/55       AC:  1    Str: 10    XL:     9   Next: 51%
Magic:  9/9        EV: 19    Int: 12    God:    Hepliaklqana [***...]
Gold:   288        SH:  0    Dex: 22    Spells: 8/8 levels left

rFire    . . .     SeeInvis .     - Unarmed
rCold    . . .     Gourm    .   (no shield)
rNeg     . . .     Faith    .   (helmet restricted)
rPois    .         Spirit   .   p - amulet of regeneration
rElec    .         Reflect  .   z - +4 ring of dexterity
rCorr    .         Harm     .   x - ring of protection from magic
MR       +....                  (no ring)
Stlth    +++++.....             (no ring)
Regen    0.6/turn               (no ring)
MPRegen  0.2/turn               (no ring)
                                (no ring)
                                (no ring)

@: no status effects
A: almost no armour, stealthy swim, amphibious, 8 rings, constrict 8, reduced
essence, camouflage 1, gelatinous body 1
a: Recall Ancestor, Ancestor Identity, Transference, Renounce Religion


You were on level 7 of the Dungeon.
You worshipped Hepliaklqana.
Hepliaklqana was most pleased with you.
You were not hungry.

You visited 1 branch of the dungeon, and saw 7 of its levels.

You collected 378 gold pieces.
You spent 90 gold pieces at shops.

Inventory:

Armour
 s - a +0 buckler
Jewellery
 p - an amulet of regeneration (around mantle)
 x - a ring of protection from magic (right tentacle)
 z - a +4 ring of dexterity (left tentacle)
 D - an uncursed amulet of harm {unknown}
Wands
 u - a wand of paralysis (13/24)
 y - a wand of lightning (4/15)
Scrolls
 c - 3 scrolls of recharging
 d - 8 scrolls of identify
 h - a scroll of blinking
 k - 4 scrolls of teleportation
 m - 2 scrolls of immolation {unknown}
 v - 3 scrolls of remove curse
 w - a scroll of noise {unknown}
Potions
 b - 3 potions of heal wounds {unknown}
 f - a potion of brilliance {unknown}
 g - a potion of haste {unknown}
 i - 2 potions of agility {unknown}
 j - 2 potions of curing
 l - 3 potions of lignification {unknown}
 o - 3 potions of mutation {unknown}
 r - a potion of might {unknown}
 t - a potion of resistance
 C - a potion of degeneration {unknown}
Comestibles
 a - 5 bread rations
 n - 5 royal jellies
 q - 7 fruits
 A - a meat ration
 E - a chunk of flesh


   Skills:
 + Level 6.3 Fighting
 + Level 6.5 Dodging
 + Level 8.3 Stealth
 * Level 8.5 Unarmed Combat


You had 8 spell levels left.
You didn't know any spells.

Dungeon Overview and Level Annotations

Branches:
Dungeon (7/15)             Temple (0/1) D:4

Altars:
Ashenzari
Cheibriados
Dithmenos
Hepliaklqana
Makhleb
Wu Jian
Xom
Yredelemnul
Zin

Shops:
D:5 (

Annotations:
D:3 Crazy Yiuf
D:7 1 runed door


Innate Abilities, Weirdness & Mutations

You cannot wear most types of armour.
You are very stealthy in the water. (Stealth+)
You are amphibious.
You can wear up to eight rings at the same time.
You can use your tentacles to constrict eight enemies at once.
Your skin changes colour to match your surroundings (Stealth+).
Your rubbery body absorbs attacks. (AC +1, EV +1)
Your life essence is reduced. (-10% HP)


Message History

Zolin blocks the vampire's attack.
Unknown command.
You strike the helpless vampire from behind!
You tentacle-slap the vampire.
The vampire is moderately damaged.
You constrict the vampire, but do no damage.
Zolin hits the vampire with a flail.
The vampire completely misses you. The vampire bites you!
* * * LOW HITPOINT WARNING * * *
The vampire draws strength from your injuries!
You tentacle-slap the vampire.
You squeeze the vampire, but do no damage.
The vampire is heavily damaged.
You constrict the vampire.
Unknown command.
You tentacle-slap the vampire. You squeeze the vampire!
The vampire is almost destroyed.
You constrict the vampire, but do no damage.
The vampire is infused with unholy energy.
You die...

.......###........+.........'....
..................#.....(...###..
........##.##.....##.......## #.#
##.###..##.##########.....## #..
#..# #.....[.# H#####...## ###
#.####.###.### #..# ##'##
.......# #.# ####..# #.# #.######
#.###...### #.# #.# #####R#...R@#
##.## #.# #.......#..V# ###...###
#.# #.###.######..#.......# #.#
#.# ..###..)#.###### ..# #..
#####.)......... ## ###
#.....[##.###### #..###.##.#
#.........# ######.####


You could see the friendly Zolin the knight and a vampire.

Vanquished Creatures
  A hippogriff (D:6)
  Edmund (D:4)
  A sky beast (D:6)
  An ice beast (D:7)
  3 ogres
  A necrophage (D:6)
  A big kobold (D:6)
  Blork the orc (D:5)
  3 bullfrogs
  A wyvern skeleton (D:7)
  3 scorpions
  A howler monkey (D:5)
  A bullfrog zombie (D:5)
  A crimson imp (D:6)
  An orc priest (D:5)
  3 hounds
  2 bullfrog skeletons
  A centaur skeleton (D:6)
  7 orc wizards
  3 worker ants
  A hound skeleton (D:4)
  5 adders
  A howler monkey skeleton (D:7)
  3 shadow imps
  An ooze (D:1)
  An adder zombie (D:7)
  3 adder skeletons
  2 worms
  A dart slug (D:1)
  7 leopard geckos
  14 orcs
  3 bats
  6 giant cockroaches
  8 goblins
  7 hobgoblins
  10 jackals
  6 quokkas
  2 ball pythons
  A ball python skeleton (D:4)
  6 frilled lizards
  A jackal zombie (D:7)
  7 kobolds
  A leopard gecko zombie (D:6)
  4 rats
138 creatures vanquished.

Vanquished Creatures (collateral kills)
  An ice beast (D:5)
  An ogre (D:6)
  A scorpion (D:6)
  A bullfrog zombie (D:6)
  An orc priest (D:6)
  A jelly (D:6)
  A worker ant (D:6)
  6 orcs
  2 kobolds (D:6)
  A bush (D:6)
  A plant (D:6)
17 creatures vanquished.

Vanquished Creatures (others)
  2 knights
2 creatures vanquished.

Grand Total: 157 creatures vanquished

Notes
Turn   | Place    | Note
-------+----------+-------------------------------------------
     0 | D:1      | Deemzul the Octopode Monk began the quest for the Orb.
     0 | D:1      | Reached XP level 1. HP: 16/16 MP: 1/1
    37 | D:1      | Reached XP level 2. HP: 19/21 MP: 2/2
   678 | D:2      | Reached XP level 3. HP: 25/26 MP: 3/3
  1119 | D:2      | Found a shadowy altar of Dithmenos.
  1209 | D:2      | Reached XP level 4. HP: 31/31 MP: 4/4
  1758 | D:3      | Found a burning altar of Makhleb.
  2212 | D:3      | Found a runed door.
  2288 | D:3      | Noticed Crazy Yiuf
  2710 | D:4      | Found an ornate altar of the Wu Jian Council.
  2711 | D:4      | Found a shimmering altar of Xom.
  2720 | D:4      | Reached XP level 5. HP: 7/36 MP: 5/5
  2883 | D:4      | Found a snail-covered altar of Cheibriados.
  3113 | D:4      | Noticed Edmund
  3130 | D:4      | Killed Edmund
  3130 | D:4      | Reached XP level 6. HP: 7/43 MP: 6/6
  3259 | D:4      | Found a staircase to the Ecumenical Temple.
  3395 | D:4      | Reached skill level 5 in Stealth
  3395 | D:4      | Reached skill level 5 in Unarmed Combat
  3565 | D:4      | Noticed a phantom
  3623 | D:5      | Entered Level 5 of the Dungeon
  3667 | D:5      | Reached XP level 7. HP: 42/48 MP: 7/7
  3676 | D:5      | Noticed Blork the orc
  3687 | D:5      | Killed Blork the orc
  3910 | D:5      | Found Doudwoe's Weapon Boutique.
  4249 | D:5      | Found a hazy altar of Hepliaklqana.
  4301 | D:5      | Became a worshipper of Hepliaklqana the Forgotten
  4301 | D:5      | Reached * piety under Hepliaklqana
  4301 | D:5      | Reached ** piety under Hepliaklqana
  4302 | D:5      | Remembered your ancestor Zolin as a knight
  4375 | D:5      | HP: 1/44 [ogre/giant spiked club (29)]
  4487 | D:5      | Reached skill level 5 in Fighting
  4487 | D:5      | Reached skill level 5 in Dodging
  4487 | D:5      | Reached XP level 8. HP: 18/49 MP: 8/8
  4490 | D:5      | Found a shattered altar of Ashenzari.
  4670 | D:6      | Found Zin's Purification Station.
  4672 | D:6      | Found a glowing silver altar of Zin.
  4692 | D:6      | Bought a potion of curing for 90 gold pieces
  5009 | D:6      | Noticed a hippogriff
  5043 | D:6      | Killed a hippogriff
  5305 | D:6      | Reached XP level 9. HP: 54/55 MP: 9/9
  5785 | D:7      | HP: 2/55 [orc warrior/enchanted halberd (24)]
  5790 | D:7      | Noticed a two-headed ogre
  6063 | D:7      | Found a runed door.
  6067 | D:7      | Found a basalt altar of Yredelemnul.
  6096 | D:7      | Reached *** piety under Hepliaklqana
  6220 | D:7      | Killed from afar by a vampire

Vault maps used:
D:1:      elethiomel_arrival_shortcut, minmay_domino_4
D:2:      nicolae_dithmenos_shadow_blocks
D:3:      lemuel_round_altar, minmay_tree_intersection, uniq_crazy_yiuf_cottage
D:4:      old_standard_altar, gammafunk_temple_overflow_pools,
          minmay_temple_entry_junction, first_bread, uniq_edmund
D:5:      lemuel_crystal_altar, lemuel_coloured_pillars_altar, serial_shops,
          nicolae_shop_statue_plus, grunt_ministairs_6, minmay_fountain_box,
          uniq_blork_the_orc
D:6:      zin_purify, lexackson_kobold_supper
D:7:      minmay_blocky_corners, dk_yredelemnul_ordeal

Skill      XL: |  1  2  3  4  5  6  7  8  9 |
---------------+----------------------------+-----
Stealth        | 3 4 5 6 7 8 |  8.3
Unarmed Combat | 4 5 6 7 8 |  8.5
Dodging        | 4 5 6 |  6.5
Fighting       | 4 5 6 |  6.3

Action                   |  1- 3 |  4- 6 |  7- 9 || total
-------------------------+-------+-------+-------++-------
Melee: Unarmed           |    68 |   140 |   229 ||   437
       Tentacles         |    12 |    32 |    54 ||    98
       Constrict         |    18 |    29 |    45 ||    92
       Punch             |     1 |     3 |    18 ||    22
Invok: Ancestor Life: Kn |       |       |     1 ||     1
       Recall Ancestor   |       |       |     2 ||     2
  Use: Scroll            |       |     5 |     2 ||     7
 Stab: Sleeping          |     8 |    13 |    17 ||    38
       Distracted        |       |       |     1 ||     1
  Eat: Chunk             |     1 |     7 |     9 ||    17
Armor: Skin              |     5 |     4 |     1 ||    10
Dodge: Dodged            |    48 |    87 |   132 ||   267
